 Dungeon Crawl Stone Soup version 0.31.0-11-ge490571c62 (webtiles) character file.

Game seed: 158778140340566150

323 ezpacito the Chopper (level 6, -2/48 HPs)
             Began as a Demonspawn Berserker on Jan 29, 2024.
             Was a Believer of Trog.
             Slain by dialectric's ghost (5 damage)
             ... on level 4 of the Dungeon.
             The game lasted 00:04:48 (3562 turns).

ezpacito the Chopper (Demonspawn Berserker)         Turns: 3562, Time: 00:04:49

Health: -2/48      AC: 11    Str: 15 (18) XL:     6   Next: 23%
Magic:  6/6        EV:  7    Int:  4 (7)  God:    Trog [**....]
Gold:   319        SH:  0    Dex: 11 (14) Spells: 5/5 levels left

rFire   + . .        p - +1 hand axe (venom)
rCold   + . .        (no shield)
rNeg    . . .        m - +0 chain mail
rPois   +            (no helmet)
rElec   +            (no cloak)
rCorr   +            (no gloves)
SInv    +            (no boots)
Will    +....        (no amulet) Stlth
                     j - ring of see invisible
HPRegen 0.28/turn    (no ring)
MPRegen 0.10/turn

%: no passive effects
@: brilliant, resistant, enlightened, flying (expiring), hasted (expiring), very
quick
A: hooves 1, thin metallic scales 1, powered by pain 1, mutation resistance 1,
no potion heal 1
a: Renounce Religion, Berserk, Trog's Hand


You were on level 4 of the Dungeon.
You worshipped Trog.
Trog was pleased with you.
You visited 1 branch of the dungeon, and saw 4 of its levels.

You collected 319 gold pieces.

Inventory:

Hand Weapons
 c - a +1 dagger of venom
 g - a +0 sling
 p - a +1 hand axe of venom (weapon)
Missiles
 d - 40 stones (quivered)
 u - 6 poisoned darts
 v - 5 datura-tipped darts
Armour
 m - a +0 chain mail (worn)
Jewellery
 j - a ring of see invisible (left hand)
Wands
 q - a wand of charming (8)
 s - a wand of roots (11)
Scrolls
 b - 4 scrolls of teleportation
 e - a scroll of silence
 t - 2 scrolls of identify {unknown}
 x - a scroll of enchant armour {unknown}
Potions
 h - a potion of heal wounds
 k - 2 potions of magic
 o - a potion of resistance


   Skills:
 * Level 3.8 Fighting
 * Level 4.4 Axes
 * Level 3.0 Armour
 * Level 2.5 Dodging
 * Level 1.5 Stealth
 * Level 1.4 Unarmed Combat


You had 5 spell levels left.
You didn't know any spells.
Your spell library was empty.

Dungeon Overview and Level Annotations

Branches:
Dungeon (4/15)
 Temple: D:4-7

Altars:
Vehumet

Shops:
D:3 [(([

Annotations:
D:4 dialectric's ghost, amateur DsAr


Innate Abilities, Weirdness & Mutations

You have large cloven feet.
You are partially covered in thin metallic scales. (AC +2)
You sometimes gain a little power by taking damage.
You are somewhat resistant to further mutation.
Potions are less effective at restoring your health.


Message History

* * * LOW HITPOINT WARNING * * *
You miss dialectric's ghost.
Dialectric's ghost is heavily damaged.
You miss dialectric's ghost.
Dialectric's ghost is heavily damaged.
You are starting to lose your buoyancy.
Dialectric's ghost completely misses you.
You feel less attractive to monsters.
You completely miss dialectric's ghost. Your kick misses dialectric's ghost.
Dialectric's ghost is heavily damaged.
Dialectric's ghost hits you but does no damage.
You miss dialectric's ghost. Your kick misses dialectric's ghost.
Dialectric's ghost is heavily damaged.
Dialectric's ghost barely misses you.
You completely miss dialectric's ghost.
Dialectric's ghost is heavily damaged.
You miss dialectric's ghost. Your kick misses dialectric's ghost.
Dialectric's ghost is heavily damaged.
Dialectric's ghost hits you.
* * * LOW HITPOINT WARNING * * *
Dialectric's ghost freezes you.
* * * LOW HITPOINT WARNING * * *
You completely miss dialectric's ghost. Your kick misses dialectric's ghost.
Dialectric's ghost is heavily damaged.
Dialectric's ghost hits you.
* * * LOW HITPOINT WARNING * * *
You closely miss dialectric's ghost. Your kick misses dialectric's ghost.
Dialectric's ghost is heavily damaged.
Dialectric's ghost hits you.
* * * LOW HITPOINT WARNING * * *
You completely miss dialectric's ghost. Your kick misses dialectric's ghost.
Dialectric's ghost is heavily damaged.
You hit dialectric's ghost.
Dialectric's ghost is heavily damaged.
Your extra speed is starting to run out.
Dialectric's ghost barely misses you.
You barely miss dialectric's ghost.
Dialectric's ghost is heavily damaged.
Dialectric's ghost hits you.
You die...

###.....#.....#..........#...#
..#.....#.....#..........#...#
..#.....#.....#..........#...#
..#.....####'##..........######
..#..............#+####.......#
..#..............#....#.......#
..#..............#....#.......#
..#...................#.......#
..#.............@.....#.......#
..#.>..........#W#....#.......#
..#...........##.##...#.......#
>.#..........##...##..........#
..#.........##.....##.........#
..#.........#⌠.!♣?.⌠#.........#
..#.........##.....##.........#
###..........##...##.....######
..#...........##⌠##......#


You could see dialectric's ghost.

Vanquished Creatures
  3 bombardier beetles
  An orc priest (D:3)
  A sleepcap (D:2)
  2 orc wizards
  3 adders (D:4)
  2 ribbon worms
  12 orcs
  10 ball pythons
  8 endoplasms
  2 giant cockroaches
  5 goblins
  5 hobgoblins
  3 jackals (D:4)
  11 kobolds
  A quokka (D:1)
  3 bats
  4 frilled lizards
  4 rats
80 creatures vanquished.

Notes
Turn   | Place    | Note
-------+----------+-------------------------------------------
     0 | D:1      | ezpacito the Demonspawn Berserker began the quest for the
                  | Orb.
     0 | D:1      | Reached XP level 1. HP: 18/18 MP: 1/1
   147 | D:1      | Gained mutation: You are partially covered in thin metallic
                  | scales. (AC +2) [demonic ancestry]
   147 | D:1      | Reached XP level 2. HP: 19/24 MP: 2/2
   245 | D:1      | You fall into a shaft and drop 1 floor!
   285 | D:2      | Found a radiant altar of Vehumet.
   301 | D:2      | Reached skill level 3 in Axes
   514 | D:1      | Gained mutation: You sometimes gain a little power by
                  | taking damage. [demonic ancestry]
   514 | D:1      | Reached XP level 3. HP: 29/29 MP: 3/3
   533 | D:1      | Reached ** piety under Trog
  1338 | D:2      | Reached XP level 4. HP: 8/35 MP: 4/4
  1577 | D:3      | Found Zoqemom's Antique Weapon Shop.
  1621 | D:3      | Found Furchent's Antique Armour Shoppe.
  1737 | D:3      | Found Ymeovit's Armour Shoppe.
  1743 | D:3      | Found Oryan's Antique Weapon Shoppe.
  1761 | D:3      | Reached skill level 1 in Stealth
  1895 | D:3      | Gained mutation: You have large cloven feet. [demonic
                  | ancestry]
  1895 | D:3      | Reached XP level 5. HP: 30/42 MP: 5/5
  2046 | D:3      | Reached skill level 1 in Unarmed Combat
  2595 | D:4      | Reached skill level 4 in Axes
  2748 | D:4      | Noticed dialectric's ghost (amateur DsAr)
  2764 | D:4      | Found a runed translucent door.
  2838 | D:4      | Reached XP level 6. HP: 39/48 MP: 6/6
  3518 | D:4      | Gained mutation: Potions are less effective at restoring
                  | your health. [potion of mutation]
  3518 | D:4      | Gained mutation: You are somewhat resistant to further
                  | mutation. [potion of mutation]
  3559 | D:4      | HP: 2/48 [dialectric's ghost (2)]
  3562 | D:4      | Slain by dialectric's ghost

Illustrated notes

Levels and vault maps discovered:
D:1:      psy_arrival_basics, layout_rooms, kennysheep_doodads
D:2:      layout_basic, basic_altar, minivault_27
D:3:      layout_rooms, serial_shops, nicolae_diamond_shop, shop,
          nicolae_shop_dealshenge, shop, chequers_serial_rivers_small_b,
          st_stairs_14
D:4:      layout_gridville, hellmonk_ghost_happy_afterlife

Skill      XL: |  1  2  3  4  5  6 |
---------------+-------------------+-----
Axes           | 3 4 |  4.4
Dodging        | 2 |  2.5
Armour         | 2 3 |  3.0
Stealth        | 1 |  1.5
Unarmed Combat | 1 |  1.4
Fighting       | |  3.8

Action                     |  1- 3 |  4- 6 || total
---------------------------+-------+-------++-------
  Melee: Hand axe          |   121 |   177 ||   298
         Punch             |     1 |     1 ||     2
         Kick              |       |    23 ||    23
 Invoke: Berserk           |     2 |     2 ||     4
    Use: Scroll            |     3 |     1 ||     4
         Potion            |       |    10 ||    10
 Armour: Animal skin       |    24 |       ||    24
         Ring mail         |    48 |       ||    48
         Chain mail        |       |   135 ||   135
  Dodge: Dodged            |    65 |    50 ||   115
